AoeStats
← KODI

Black Forest

503442683Analyzed
4v4 RM · 1mo ago on Aug 31, 2026· 55m 7s· 8 players
Game mode
Random Map
Map size
Large (8 player)
Population
200
Speed
Normal
Resources
Standard
Victory
Conquest
Starting age
Dark Age
Ending age
Imperial Age
RankedLock teamsTeams togetherTeam positionsShared explorationLock speedFull tech treeHidden civsTurbo modeCheats
Victory
Defeat
🇫🇷 Mongols · France
632
+19
🇫🇷 Goths · France
613
+20
🇫🇷 Celts · France
610
+20
🇹🇷 Persians · Türkiye
494
+25
🇰🇿 Britons · Kazakhstan
952
-50
🇨🇦 Bulgarians · Canada
776
-24
🇰🇿 Italians · Kazakhstan
597
-26
🇺🇸 Bengalis · United States
513
-13
m4rt1d
13:50 Feudal Age
12:06 Loom
15:17 Double-Bit Axe
15:17 Horse Collar
20:53 Castle Age
19:15 Gold Mining
22:05 Stone Mining
23:21 Wheelbarrow
23:15 Caravan
24:11 Stone Shaft Mining
24:35 Bow Saw
27:35 Hand Cart
27:06 Town Watch
28:35 Gold Shaft Mining
28:32 Fletching
28:43 Padded Archer Armor
30:26 Town Patrol
30:58 Ballistics
30:42 Husbandry
30:46 Bodkin Arrow
32:31 Bloodlines
32:30 Thumb Ring
32:44 Leather Archer Armor
36:51 Imperial Age
37:38 Bracer
38:08 Parthian Tactics
38:52 Chemistry
37:58 Siege Engineers
37:18 Onager
39:23 Elite Mangudai
40:25 Conscription
42:14 Drill
41:47 Siege Onager
54:24 Capped Ram
Ben Brankleton Jr
11:14 Feudal Age
15:14 Castle Age
24:00 Double-Bit Axe
23:58 Horse Collar
25:58 Wheelbarrow
27:20 Heavy Plow
27:16 Gold Mining
28:21 Hand Cart
28:56 Scale Mail Armor
31:31 Imperial Age
29:45 Scale Mail Armor
29:55 Forging
30:03 Anarchy
30:29 Bow Saw
32:50 Crop Rotation
32:26 Perfusion
32:48 Conscription
31:51 Elite Huskarl
32:26 Pikeman
33:07 Squires
34:40 Halberdier
35:59 Chain Mail Armor
36:19 Iron Casting
36:48 Two-Man Saw
39:58 Town Watch
40:43 Town Patrol
43:34 Blast Furnace
...13.0.R.@...
0:30 Loom
12:55 Feudal Age
13:48 Double-Bit Axe
17:05 Stone Mining
19:11 Wheelbarrow
24:58 Castle Age
23:54 Horse Collar
25:52 Gold Mining
26:46 Bow Saw
26:39 Heavy Plow
29:43 Fervor
29:51 Hand Cart
34:23 Gold Shaft Mining
34:37 Caravan
35:09 Coinage
36:25 Stone Shaft Mining
36:38 Parthian Tactics
40:09 Imperial Age
38:21 Arson
38:37 Squires
37:58 Pikeman
39:08 Padded Archer Armor
38:59 Fletching
39:20 Forging
39:22 Masonry
39:03 Guard Tower
39:35 Ballistics
39:19 Scale Mail Armor
39:31 Scale Barding Armor
39:47 Capped Ram
40:54 Conscription
41:10 Banking
40:47 Kamandaran
41:24 Leather Archer Armor
42:56 Two-Man Saw
42:35 Crop Rotation
42:55 Thumb Ring
42:11 Crossbowman
45:08 Chemistry
44:41 Architecture
43:58 Halberdier
45:53 Guilds
Ben Brankleton Sr
16:52 Feudal Age
21:37 Castle Age
19:58 Double-Bit Axe
20:21 Horse Collar
22:42 Bow Saw
22:36 Heavy Plow
22:29 Gold Mining
28:01 Wheelbarrow
27:12 Loom
27:15 Town Watch
28:28 Fervor
32:42 Hand Cart
32:27 Town Patrol
32:42 Caravan
33:42 Fletching
34:07 Forging
33:57 Scale Mail Armor
39:15 Imperial Age
39:01 Stronghold
39:55 Capped Ram
39:56 Onager
40:56 Furor Celtica
41:07 Conscription
40:58 Bodkin Arrow
41:03 Siege Ram
42:48 Siege Engineers
43:46 Guilds
48:18 Siege Onager
49:24 Murder Holes
49:41 Masonry
49:17 Arrowslits
51:43 Fortified Wall
52:35 Chemistry
51:56 Ballistics
51:19 Treadmill Crane
52:48 Chemistry
52:08 Ballistics
51:59 Fortified Wall
53:06 Hoardings
Booger Flicker X
John
1:08 Loom
12:06 Feudal Age
13:11 Double-Bit Axe
17:03 Horse Collar
21:51 Castle Age
20:04 Gold Mining
22:06 Wheelbarrow
22:24 Scale Barding Armor
22:31 Forging
22:56 Heavy Plow
23:11 Bow Saw
23:49 Caravan
24:52 Hand Cart
28:05 Bloodlines
28:20 Chain Barding Armor
28:35 Iron Casting
31:26 Iron Casting
33:00 Husbandry
34:04 Gambesons
34:19 Squires
34:23 Scale Mail Armor
38:15 Imperial Age
37:17 Murder Holes
38:00 Stirrups
38:42 Chain Mail Armor
39:40 Siege Engineers
39:59 Ballistics
40:21 Conscription
41:37 Theocracy
41:53 Elite Konnik
43:05 Bagains
43:04 Cavalier
44:47 Chemistry
44:12 Pikeman
45:56 Blast Furnace
45:26 Plate Mail Armor
45:31 Plate Barding Armor
46:34 Masonry
45:49 Halberdier
46:38 Light Cavalry
47:39 Fervor
47:07 Onager
48:13 Capped Ram
50:15 Heavy Scorpion
50:33 Hussar
51:34 Fletching
KODI
10:03 Loom
21:15 Feudal Age
22:57 Horse Collar
23:13 Double-Bit Axe
26:10 Wheelbarrow
25:26 Town Watch
27:35 Gold Mining
37:06 Stone Mining
44:58 Padded Archer Armor
44:50 Fletching
47:16 Castle Age
Igor Ugor
15:57 Feudal Age
18:00 Wheelbarrow
17:13 Double-Bit Axe
17:11 Horse Collar
30:20 Castle Age
28:31 Scale Mail Armor
28:44 Forging
31:19 Town Watch
31:03 Pikeman
31:50 Squires
32:12 Chain Mail Armor
34:02 Gold Mining
34:17 Heavy Plow
34:31 Bow Saw
35:08 Iron Casting
38:26 Hand Cart
44:35 Husbandry
44:49 Bloodlines
45:44 Masonry
45:43 Treadmill Crane
Connection lost

Rejoining the realm…

Still unreachable

The connection could not be restored.

Session expired

The server has moved on; the page needs a fresh start.